Map: Tokamak LE

Players

ManlyManMeat

  • Race: Terran Terran
  • Spawn Location: 7:00

asd - Winner!

  • Race: Protoss Protoss
  • League: Platinum
  • Spawn Location: 1:00

VOD

Have the link to the VOD?

Description

Time

  • Played on: May 17, 2025, 7:52 a.m.
  • Length: 5:43
Show
View Real Time Build Order
Export as new Build Order

ManlyManMeat Terran 

Build Orders: Reaper Expand 

Get SALT Encoding   

  12  0:00  SCV  
  13  0:12  SCV  
  14  0:17  Supply Depot  
  14  0:24  SCV  
  15  0:39  SCV  
  15  0:41  Barracks  
  16  0:51  SCV  
  16  0:52  Refinery  
  16  0:56  Refinery  
  17  1:03  SCV  
  19  1:32  Orbital Command  
  18  1:35  Reaper  
  19  1:40  Supply Depot  
  19  2:03  Factory  
  19  2:07  Barracks  
  19  2:15  SCV  
  20  2:24  Barracks Reactor  
  20  2:27  SCV  
  19  2:48  Factory Tech Lab  
  19  2:56  Marine  
  20  2:58  SCV  
  20  3:02  Command Center  
  21  3:07  Marine x2  
  21  3:11  SCV, Siege Tank  
  27  3:28  Marine, Starport  
  28  3:34  SCV  
  29  3:58  Supply Depot  
  29  4:05  Starport Reactor  
  29  4:11  Supply Depot, SCV  
  29  4:15  Siege Tank  
  29  4:16  Marine x2  
  35  4:19  Barracks Reactor  
  35  4:23  SCV  
  36  4:43  Bunker  
  36  4:47  Siege Tank, Orbital Command  
  36  4:51  Medivac x2  
  43  5:00  Marine x3  
  43  5:01  Marine  
  47  5:07  SCV  
  46  5:19  SCV  
Show
View Real Time Build Order
Export as new Build Order

asd Protoss - Winner!

Build Orders: Dark Templar Rush 

Get SALT Encoding   

  12  0:00  Probe  
  13  0:17  Pylon  
  13  0:18  Probe  
  14  0:32  Probe  
  15  0:35  Gateway  
  15  0:40  Probe  
  15  0:41  Assimilator  
  15  0:48  Probe  
  17  0:58  Probe  
  18  1:04  Assimilator  
  18  1:08  Pylon  
  18  1:13  Probe  
  19  1:23  Cybernetics Core  
  19  1:26  Probe  
  19  1:28  Zealot  
  22  1:46  Probe  
  23  1:56  Stalker  
  23  1:58  Probe  
  23  1:59  Warp Gate  
  24  2:01  Shield Battery  
  24  2:04  Twilight Council  
  26  2:15  Probe  
  27  2:45  Dark Shrine  
  27  3:11  Pylon  
  27  3:31  Nexus  
  27  3:35  Gateway  
  27  3:37  Gateway  
  27  3:38  Gateway  
  27  3:58  Pylon  
  27  4:30  Pylon  
  27  4:34  Dark Templar x4  
  35  4:40  Probe x2  
  37  4:48  Probe  
  37  4:49  Probe  
  38  4:56  Robotics Facility  
  38  4:58  Probe x2  
  39  5:04  Forge  
  39  5:05  Forge  
Tags
 
Add a new tag
Caveats
  • Supply blocks, unpowered buildings, or Contaminate may cause inaccurate times.
  • Supply counts are checked every 10 seconds.